Map: Beckett Industries LE

Players

SoEasy

  • Race: Terran Terran
  • League: Diamond

ViBE - Winner!

  • Race: Protoss Protoss
  • League: Platinum

VOD

Have the link to the VOD?

Description

Time

  • Played on: April 6, 2021, 9:16 p.m.
  • Length: 15:19
Show
View Real Time Build Order
Export as new Build Order

SoEasy Terran 

Build Orders:  

Get SALT Encoding   

  12  0:03  SCV  
  13  0:19  Supply Depot  
  13  0:23  SCV  
  14  0:35  SCV  
  15  0:36  Refinery  
  15  0:48  Barracks  
  15  1:00  Barracks  
  15  1:07  SCV  
  16  1:19  SCV  
  17  1:27  Refinery  
  17  1:31  SCV  
  18  1:37  Barracks Tech Lab  
  18  1:45  SCV  
  19  1:48  Barracks Tech Lab  
  19  1:57  SCV, Concussive Shells  
  19  1:58  Supply Depot  
  20  2:09  SCV  
  21  2:16  Marauder  
  21  2:21  SCV  
  24  2:24  Marauder  
  26  2:34  Supply Depot  
  27  2:41  Marauder  
  28  2:51  Bunker  
  28  2:53  Marauder  
  29  3:17  Marauder x2  
  31  3:28  Orbital Command  
  31  3:38  Marauder  
  31  3:39  Marauder  
  33  4:05  Factory  
  33  4:09  Marine  
  34  4:10  Marine  
  34  4:11  Stimpack  
  29  4:36  SCV  
  29  4:37  Command Center  
  30  4:44  Supply Depot  
  30  4:48  SCV  
  30  4:50  Starport  
  31  5:00  Factory Reactor  
  31  5:22  Bunker  
  31  5:27  Medivac  
  33  5:32  Armory  
  33  5:37  Widow Mine x2  
  33  5:40  SCV  
  38  5:52  SCV  
  39  5:59  Supply Depot  
  39  6:00  Barracks Reactor  
  39  6:06  Widow Mine x2  
  39  6:10  Orbital Command  
  43  6:17  Engineering Bay  
  43  6:24  Bunker  
  43  6:27  SCV  
  44  6:37  Marine x2  
  44  6:39  SCV  
  47  6:46  Factory Tech Lab  
  47  6:47  SCV  
  47  6:51  SCV  
  49  6:54  Liberator  
  49  6:59  SCV  
  49  7:00  Marine x2  
  55  7:03  SCV  
  56  7:12  SCV  
  57  7:29  SCV x2  
  59  7:30  Siege Tank  
  59  7:37  Refinery  
  62  7:38  Refinery  
  62  7:41  SCV x2  
  62  7:42  Supply Depot  
  64  7:46  Terran Infantry Weapons Level 1  
  64  7:52  Barracks Reactor  
  64  7:53  SCV x2  
  66  8:00  Supply Depot  
  66  8:04  Siege Tank  
  66  8:05  SCV x2  
  71  8:15  Sensor Tower  
  71  8:17  SCV x2  
  73  8:29  SCV x2  
  75  8:41  SCV x2  
  73  8:52  Marine x4  
  73  8:53  SCV x2  
  79  9:10  Marine x4  
  79  9:15  Supply Depot  
  79  9:16  Command Center  
  81  9:24  Siege Tank  
  81  9:27  Marine  
  81  9:29  Barracks  
  83  9:32  Engineering Bay  
  83  9:36  Liberator x2  
  89  9:41  Supply Depot  
  89  9:50  Terran Infantry Weapons Level 2, Barracks  
  89  9:51  Barracks  
  89  9:54  Supply Depot  
  89  9:59  Siege Tank  
  92  10:16  Terran Infantry Armor Level 1, Supply Depot  
  92  10:18  Barracks Tech Lab  
  92  10:24  Fusion Core  
  92  10:26  Marine x2  
  92  10:27  Marine x2  
  96  10:39  Barracks Reactor  
  96  10:41  Barracks Tech Lab  
  96  10:44  Marine x3  
  96  10:45  Marine  
  100  10:57  Marauder  
  100  11:02  Marine x3  
  105  11:06  Medivac x2  
  109  11:13  Orbital Command  
  109  11:18  Supply Depot  
  109  11:22  Combat Shield  
  109  11:23  Marauder  
  109  11:24  Marine x2, Marauder  
  115  11:29  SCV x2  
  117  11:35  Advanced Ballistics  
  117  11:45  Marauder x2  
  121  11:54  Marine x3  
  121  11:55  Marine x2  
  126  12:06  Marauder x2  
  126  12:28  Marauder x2  
  75  12:49  Marauder x2  
  75  12:50  Supply Depot  
  79  12:52  Supply Depot  
  79  12:55  Marine x6  
  85  13:04  Liberator x2  
  91  13:10  Marauder  
  91  13:11  SCV, Marauder  
  91  13:12  Marine, SCV x2  
  98  13:13  Marine x5  
  98  13:18  Factory  
  104  13:29  Ghost Academy  
  104  13:30  Marine  
  104  13:32  Marauder x2  
  109  13:37  SCV  
  109  13:38  SCV x2  
  112  13:47  Refinery  
  112  13:48  Refinery  
  112  13:51  Siege Tank  
  112  13:53  Marauder x2  
  119  14:06  SCV  
  119  14:09  Sensor Tower  
  120  14:11  Command Center  
  120  14:15  Marauder x2  
  105  14:33  Marine x6  
  105  14:35  Marine  
  105  14:36  Marine  
  70  14:51  Marine x5  
Show
View Real Time Build Order
Export as new Build Order

ViBE Protoss - Winner!

Build Orders: 1 Gate Expand 

Get SALT Encoding   

  12  0:01  Probe  
  13  0:13  Probe  
  14  0:20  Pylon  
  14  0:25  Probe  
  15  0:38  Probe (Chrono Boost)  
  16  0:43  Gateway  
  16  0:49  Assimilator  
  16  0:50  Probe (Chrono Boost)  
  17  0:58  Probe (Chrono Boost)  
  18  1:04  Probe  
  19  1:16  Probe  
  20  1:27  Nexus  
  20  1:28  Probe  
  21  1:38  Cybernetics Core  
  21  1:40  Probe  
  21  1:45  Assimilator  
  22  1:53  Probe  
  23  1:54  Pylon  
  23  2:06  Pylon  
  23  2:12  Stalker (Chrono Boost), Probe  
  26  2:25  Shield Battery  
  26  2:27  Probe  
  27  2:33  Sentry (Chrono Boost)  
  29  2:41  Robotics Facility  
  29  2:43  Gateway  
  29  2:46  Probe  
  29  2:49  Probe  
  31  2:56  Stalker (Chrono Boost)  
  33  3:08  Probe x2  
  30  3:20  Probe  
  30  3:21  Probe  
  30  3:22  Stalker (Chrono Boost)  
  32  3:34  Immortal (Chrono Boost)  
  32  3:39  Pylon  
  31  3:57  Stalker x2  
  32  4:07  Probe x2  
  34  4:18  Immortal (Chrono Boost)  
  38  4:26  Probe x2  
  40  4:32  Warp Gate  
  40  4:35  Stalker  
  42  4:44  Probe x2  
  44  4:49  Stalker  
  46  4:55  Pylon  
  46  5:04  Immortal (Chrono Boost)  
  50  5:09  Probe  
  50  5:11  Probe  
  52  5:17  Pylon  
  52  5:22  Pylon  
  52  5:26  Sentry  
  54  5:29  Stalker  
  54  5:33  Probe  
  54  5:34  Probe  
  58  5:47  Immortal  
  58  5:49  Probe  
  63  5:50  Probe  
  63  5:55  Pylon  
  64  6:02  Probe  
  64  6:03  Probe  
  66  6:10  Pylon  
  66  6:15  Probe x2 (Chrono Boost)  
  68  6:25  Stalker x2  
  72  6:26  Probe x2 (Chrono Boost)  
  72  6:27  Observer  
  72  6:30  Probe (Chrono Boost)  
  72  6:31  Probe (Chrono Boost)  
  77  6:40  Nexus  
  77  6:43  Pylon  
  77  6:47  Pylon  
  77  6:48  Probe x2  
  79  6:57  Immortal  
  79  7:00  Probe x2  
  85  7:06  Stalker  
  85  7:08  Stalker  
  89  7:13  Assimilator  
  89  7:14  Assimilator, Probe (Chrono Boost)  
  86  7:20  Probe (Chrono Boost)  
  84  7:23  Forge  
  84  7:27  Probe (Chrono Boost)  
  85  7:32  Probe (Chrono Boost)  
  85  7:34  Probe (Chrono Boost)  
  85  7:36  Probe (Chrono Boost)  
  87  7:41  Probe  
  89  7:47  Probe  
  90  7:53  Probe  
  90  7:56  Probe (Chrono Boost)  
  92  7:59  Photon Cannon, Probe (Chrono Boost)  
  92  8:02  Photon Cannon  
  92  8:04  Photon Cannon  
  92  8:05  Probe (Chrono Boost)  
  94  8:08  Probe (Chrono Boost)  
  94  8:11  Probe (Chrono Boost)  
  96  8:15  Probe (Chrono Boost)  
  96  8:16  Probe (Chrono Boost)  
  96  8:18  Probe (Chrono Boost)  
  98  8:20  Probe (Chrono Boost)  
  98  8:22  Probe, Immortal  
  98  8:23  Stalker  
  98  8:24  Stalker  
  109  8:30  Twilight Council  
  109  8:33  Forge  
  109  8:40  Probe x3  
  106  8:51  Nexus  
  106  8:53  Pylon  
  106  8:56  Pylon  
  106  8:57  Probe x3  
  106  8:58  Charge  
  106  9:01  Assimilator  
  109  9:03  Assimilator  
  109  9:08  Protoss Ground Weapons Level 1 (Chrono Boost), Protoss Ground Armor Level 1 (Chrono Boost)  
  109  9:12  Probe x2  
  109  9:13  Probe  
  110  9:23  Immortal  
  112  9:25  Zealot  
  112  9:26  Zealot  
  112  9:30  Templar Archives  
  116  9:31  Probe  
  116  9:32  Probe x2  
  119  9:42  Photon Cannon  
  119  9:43  Probe  
  119  9:44  Probe x2  
  122  9:56  Probe x2  
  122  9:57  Probe  
  125  10:00  Pylon  
  125  10:04  Pylon, Probe  
  126  10:08  Probe x2  
  126  10:09  Pylon, Probe  
  126  10:13  Gateway  
  129  10:15  Gateway  
  129  10:16  Probe  
  129  10:17  Gateway, Zealot  
  129  10:18  Zealot  
  129  10:20  Immortal  
  138  10:22  Probe x2  
  138  10:27  Probe  
  141  10:35  Nexus  
  141  10:37  Pylon  
  141  10:40  Pylon, High Templar x2  
  145  10:42  Pylon  
  145  10:50  Assimilator, Probe  
  145  10:51  Assimilator, Probe x3  
  145  10:55  Archon  
  149  10:58  Protoss Ground Weapons Level 2 (Chrono Boost), Protoss Ground Armor Level 2 (Chrono Boost)  
  149  11:03  Immortal  
  153  11:08  Probe x3  
  153  11:09  Probe  
  157  11:20  Probe  
  157  11:21  Gateway  
  157  11:22  Gateway  
  157  11:24  Gateway, High Templar x4  
  166  11:25  Zealot  
  166  11:26  Gateway  
  166  11:29  Pylon  
  168  11:41  Photon Cannon  
  168  11:42  Immortal  
  168  11:43  Assimilator  
  172  11:47  Assimilator  
  172  11:49  Gateway  
  172  11:51  Gateway, Zealot  
  172  11:52  Archon x2  
  172  11:53  Gateway  
  174  11:55  Gateway  
  174  11:57  High Templar x4  
  182  12:04  Archon x2  
  182  12:19  Zealot  
  182  12:20  Zealot x4  
  175  12:29  Probe x2  
  142  12:32  Assimilator, Pylon  
  142  12:34  Zealot x4  
  130  12:39  Assimilator  
  130  12:41  Immortal  
  130  12:42  High Templar x5  
  130  12:44  High Templar  
  146  12:51  Gateway  
  144  12:53  Gateway  
  144  12:54  Gateway  
  144  12:57  Gateway  
  144  13:00  Gateway  
  144  13:01  Robotics Facility  
  144  13:03  Gateway  
  144  13:04  Gateway  
  144  13:06  Gateway  
  144  13:09  Zealot  
  144  13:10  Zealot x6  
  158  13:18  High Templar x6  
  170  13:20  Archon x3  
  170  13:22  Archon x3  
  170  13:28  Immortal (Chrono Boost)  
  170  13:32  Zealot x7  
  188  13:47  Immortal (Chrono Boost)  
  188  13:53  Zealot x4  
  200  14:30  Photon Cannon  
  174  14:33  Shield Battery, Photon Cannon  
  174  14:35  Shield Battery, Photon Cannon  
  174  14:36  Shield Battery  
  156  14:38  Photon Cannon  
  156  14:41  Shield Battery  
  156  14:42  Photon Cannon  
  156  14:43  High Templar x15  
  156  14:45  Shield Battery  
  184  14:47  Zealot x4  
  184  15:01  Archon x5  
  184  15:02  Archon x2  
Tags
 
Add a new tag
Caveats
  • Supply blocks, unpowered buildings, or Contaminate may cause inaccurate times.
  • Supply counts are checked every 10 seconds.